 Dungeon Crawl Stone Soup version 0.17-a0-1954-g0dddeaa (webtiles) character file.

96 Kusio the Cutter (level 4, -3/29 HPs)
             Began as a Halfling Assassin on Oct 4, 2015.
             Slain by Grinder (6 damage)
             ... while paralysed by Grinder
             ... on level 3 of the Dungeon.
             The game lasted 00:06:06 (1661 turns).

Kusio the Cutter (Halfling Assassin)                Turns: 1661, Time: 00:06:06

Health: -3/29      AC:  4    Str: 11    XL:     4   Next: 98%
Magic:  4/4        EV:  3    Int: 10    God:
Gold:   101        SH:  0    Dex: 16    Spells: 0 memorised, 3 levels left

rFire  . . .     SeeInvis .     l - +0 short sword (elec)
rCold  . . .     Clarity  .     c - +0 robe
rNeg   . . .     SustAt   .     (shield restricted)
rPois  .         Gourm    .     o - +0 helmet
rElec  .         Spirit   .     d - +0 cloak
rCorr  .         Warding  .     (no gloves)
rMut   .         Stasis   .     (no boots)
MR     .....                    (no amulet)
Stlth  +++.......               (no ring)
                                (no ring)

@: paralysed, not resistant to hostile enchantments, fairly stealthy
A: mutation resistance 1
a: no special abilities


You were on level 3 of the Dungeon.
You were not hungry.

You visited 1 branch of the dungeon, and saw 3 of its levels.

You collected 101 gold pieces.

Inventory:

Hand weapons
 b - a +0 blowgun
 i - a +0 hunting sling
 l - a +0 short sword of electrocution (weapon)
Missiles
 e - 25 poisoned needles
 f - 2 curare-tipped needles
Armour
 c - a +0 robe (worn)
 d - a +0 cloak (worn)
 o - a +0 helmet (worn)
Scrolls
 a - 5 scrolls of recharging {unknown}
 j - 3 scrolls of random uselessness {unknown}
 k - a scroll of identify {unknown}
 n - a scroll of teleportation {unknown}
Potions
 h - a potion of haste {unknown}
 p - a potion of curing {unknown}
Comestibles
 g - a bread ration
 m - a meat ration


   Skills:
 - Level 1.7 Fighting
 * Level 5.7 Short Blades
 + Level 3.6 Throwing
 - Level 1.1 Dodging
 - Level 4.3 Stealth


You had 3 spell levels left.
You didn't know any spells.

Dungeon Overview and Level Annotations

Branches:
Dungeon (3/15)

Altars:

Annotations:
D:3 Grinder


Innate Abilities, Weirdness & Mutations

You are small and have problems with some larger weapons.
You are somewhat resistant to further mutation.


Message History

You impale Grinder!!
Grinder is heavily wounded.
Grinder hits you.
You writhe in agony.
You hit Grinder but do no damage.
Grinder is heavily wounded.
You completely miss Grinder.
Grinder is heavily wounded.
Grinder gestures at you. You resist with significant effort.
You completely miss Grinder.
Grinder is heavily wounded.
Grinder gestures at you.
You suddenly lose the ability to move!
Grinder hits you!
You writhe in agony.
Grinder says, "Just stop there for a second..."
Grinder hits you but does no damage. Grinder hits you!
* * * LOW HITPOINT WARNING * * *
You writhe in agony.
You die...

#.# #.# #.# #.# #.#
#.# #.# #.# # ####.#
#.# ...#....########
#.# ...............#
#.. ###.#..######.#
#.. #.@# #.# #..
#.5# ###.#######..
#..# #............
#..# #.#.########.
...####.#.########.
##..................
##.######......[...
.<# ###########


You could see Grinder.

Vanquished Creatures
  2 adders
  3 gnolls (D:2)
  A worm (D:2)
  6 hobgoblins
  4 jackals (D:2)
  A quokka (D:2)
  7 bats
  A giant cockroach (D:2)
  5 giant newts
  7 goblins
  9 kobolds
  4 rats
50 creatures vanquished.

Notes
Turn   | Place    | Note
--------------------------------------------------------------
     0 | D:1      | Kusio the Halfling Assassin began the quest for the Orb.
     0 | D:1      | Reached XP level 1. HP: 14/14 MP: 1/1
   176 | D:1      | Reached XP level 2. HP: 19/19 MP: 2/2
   766 | D:2      | Reached XP level 3. HP: 24/24 MP: 3/3
   962 | D:2      | Reached skill level 5 in Short Blades
   962 | D:2      | Reached XP level 4. HP: 16/29 MP: 4/4
  1652 | D:3      | Noticed Grinder
  1658 | D:3      | Paralysed by Grinder for 4 turns
  1661 | D:3      | Slain by Grinder

Vault maps used:
D:1:      co_arrival_two_rings, hangedman_feature_mirror, minmay_fountain_box
D:2:      kennysheep_generic_room_12
D:3:      minitemple, uniq_jessica, uniq_grinder, uniq_crazy_yiuf_cottage

Action                   |  1- 3 |  4- 6 || total
-------------------------+-------+-------++-------
Melee: Dagger            |    67 |     2 ||    69
       Short sword       |       |    65 ||    65
 Fire: Blowgun           |     8 |       ||     8
 Stab: Sleeping          |    11 |     4 ||    15
  Eat: Chunk             |       |     2 ||     2
